 Dungeon Crawl Stone Soup version 0.20.0-15-g7f486f2 (webtiles) character file.

11283 JeffiDaFish the Basher (level 11, -5/69 HPs)
             Began as a Gargoyle Fighter on June 12, 2017.
             Was an Elder of Okawaru.
             Impaled on a porcupine's spines (11 damage)
             ... on level 2 of the Lair of Beasts.
             The game lasted 00:25:41 (10020 turns).

JeffiDaFish the Basher (Gargoyle Fighter)          Turns: 10020, Time: 00:25:42

Health: -5/69      AC: 38    Str: 19    XL:     11   Next: 75%
Magic:  10/11      EV:  3    Int:  8    God:    Okawaru [****..]
Gold:   516        SH: 12    Dex: 15    Spells: 10/10 levels left

rFire    + + .     SeeInvis +   s - +0 flail (protect)
rCold    . . .     Gourm    .   c - +0 shield
rNeg     + . .     Faith    .   b - +0 crystal plate armour (curse)
rPois    ∞         Spirit   .   (no helmet)
rElec    +         Reflect  .   q - +0 cloak
rCorr    .         Harm     .   w - +0 pair of gloves {Dex+3}
MR       +....                  u - +1 pair of boots
Stlth    ..........             (no amulet)
Regen    0.3/turn               r - ring of protection from fire
MPRegen  0.2/turn               n - ring of protection from magic (curse)

@: protection aura
A: see invisible, dopey 1, fire resistance 1, negative energy resistance 1,
electricity resistance, unbreathing, petrification resistance, rot immunity, AC
+7
a: Heroism, Renounce Religion


You were on level 2 of the Lair of Beasts.
You worshipped Okawaru.
Okawaru was greatly pleased with you.
You were hungry.

You visited 3 branches of the dungeon, and saw 11 of its levels.

You collected 608 gold pieces.
You spent 92 gold pieces at shops.

Inventory:

Hand Weapons
 m - a +0 morningstar
 s - a +0 flail of protection (weapon)
Armour
 b - a cursed +0 crystal plate armour (worn)
 c - a +0 shield (worn)
 i - a +0 pair of gloves
 q - a +0 cloak (worn)
 u - a +1 pair of boots (worn)
 w - a +0 pair of gloves of dexterity (worn)
Jewellery
 n - a cursed ring of protection from magic (right hand)
 r - a ring of protection from fire (left hand)
Wands
 a - a wand of iceblast (12/15)
Scrolls
 e - 11 scrolls of identify
 j - 7 scrolls of remove curse
 l - 3 scrolls of teleportation
 o - 2 scrolls of fog
 p - 2 scrolls of fear
 v - a scroll of holy word
Potions
 d - a potion of magic
Comestibles
 f - 8 bread rations
 g - 7 fruits
 h - 2 meat rations
 k - 3 royal jellies


   Skills:
 + Level 8.3 Fighting
 + Level 11.6 Maces & Flails
 + Level 7.5 Armour
 + Level 3.0 Dodging
 + Level 1.9 Stealth
 + Level 11.1 Shields
 + Level 0.4 Invocations


You had 10 spell levels left.
You didn't know any spells.

Dungeon Overview and Level Annotations

Branches:
Dungeon (8/15)             Temple (1/1) D:7            Lair (2/6) D:8
 Spider (0/4) Lair:2
  Swamp: Lair:2-4    Shoals: Lair:2-4

Altars:
Ashenzari
Cheibriados
Dithmenos
Elyvilon
Fedhas
Gozag
Hepliaklqana
Kikubaaqudgha
Makhleb
Okawaru
Trog
Uskayaw
Vehumet
Xom
Yredelemnul
Zin
The Shining One

Shops:
D:4 (

Annotations:
Lair:2 Harold, Nergalle


Innate Abilities, Weirdness & Mutations

You are resistant to torment.
Your stone body is resilient. (AC +7)
You are immune to poison.
You resist negative energy. (rN+)
You are resistant to electric shocks. (rElec)
You can survive without breathing.
You are immune to petrification.
You are immune to rotting.
You have supernaturally acute eyesight. (SInv)
You are dopey. (Int -2)
Your flesh is heat resistant. (rF+)


Message History

Okay, then.
As you read the scroll of teleportation, it crumbles to dust.
You feel strangely unstable. You block the spiny frog's attack.
You block the water moccasin's attack. x2
The spiny frog completely misses you.
You hit the spiny frog but do no damage.
The spiny frog is severely wounded.
You sock the spiny frog!
The spiny frog is almost dead.
Your surroundings suddenly seem different.
A porcupine comes into view.
You feel like a meek peon again.
The porcupine bites you but does no damage.
You closely miss the porcupine. You hit the porcupine.
Your weapon exudes an aura of protection.
The porcupine is moderately wounded.
The porcupine bites you but does no damage.
You are struck by the porcupine's spines.
You die...

# ### .##
#.##@#...###
#....r......
#...........
#...........
♣...♣♣.♣.♣.♣
♣♣♣♣ ♣♣♣♣ ♣


You could see a porcupine.

Vanquished Creatures
  2 hydras (Lair:1)
  A two-headed ogre (D:8)
  Pikel (D:6)
  An elephant (Lair:1)
  Maurice (D:8)
  5 spiny frogs (Lair:1)
  A blink frog (Lair:2)
  7 hippogriffs (Lair:1)
  A basilisk (Lair:1)
  2 spriggans (Lair:1)
  4 yaks (Lair:1)
  Menkaure (D:7)
  2 porcupines
  3 water moccasins
  2 orc warriors (D:8)
  3 sky beasts
  A slave (D:6)
  A phantom (D:6)
  A necrophage (D:8)
  5 ogres
  The ghost of grandjackal the Slasher, an amateur DsGl (D:3)
  2 centaurs
  4 crocodiles
  2 big kobolds
  5 bullfrogs
  A wyvern zombie (D:6)
  A scorpion (D:6)
  4 wights (D:8)
  A bullfrog zombie (D:5)
  3 hounds
  5 orc wizards
  3 bullfrog skeletons
  A jelly (D:8)
  2 centaur skeletons
  4 orc priests
  2 iguanas
  5 worker ants
  2 hound skeletons
  A hound zombie (D:7)
  2 worker ant zombies
  A howler monkey skeleton (D:5)
  16 adders
  2 shadow imps
  2 oozes
  3 adder skeletons
  3 worms
  3 dart slugs
  2 leopard geckos
  31 orcs
  A ball python (D:4)
  4 giant cockroaches
  8 goblins
  11 hobgoblins
  3 jackals (D:3)
  3 quokkas
  4 bats
  8 frilled lizards
  20 kobolds
  2 leopard gecko skeletons
  A quokka skeleton (D:4)
  10 rats
234 creatures vanquished.

Vanquished Creatures (others)
  A bullfrog zombie (D:6)
  An adder (D:6)
  A shadow imp (D:6)
  A fungus (Lair:1)
  9 plants (Lair:1)
  7 toadstools (Lair:2)
20 creatures vanquished.

Grand Total: 254 creatures vanquished

Notes
Turn   | Place    | Note
-------+----------+-------------------------------------------
     0 | D:1      | JeffiDaFish the Gargoyle Fighter began the quest for the Orb.
     0 | D:1      | Reached XP level 1. HP: 14/14 MP: 1/1
   345 | D:1      | Reached XP level 2. HP: 19/19 MP: 2/2
   969 | D:2      | Reached XP level 3. HP: 23/23 MP: 3/3
  1014 | D:2      | Gained mutation: You are dopey. (Int -2) [potion of mutation]
  1014 | D:2      | Gained mutation: You evolve. [potion of mutation]
  1230 | D:2      | Reached XP level 4. HP: 16/29 MP: 4/4
  1455 | D:2      | Found a faded altar of an unknown god.
  1750 | D:3      | Noticed grandjackal's ghost (amateur DsGl)
  1770 | D:3      | Reached XP level 5. HP: 30/33 MP: 5/5
  1789 | D:3      | Killed grandjackal's ghost
  1789 | D:3      | Reached skill level 1 in Dodging
  1948 | D:3      | Gained mutation: You have supernaturally acute eyesight. (SInv) [evolution]
  2038 | D:3      | Reached XP level 6. HP: 36/38 MP: 6/6
  2251 | D:4      | Found Sogatott's Antique Weapon Emporium.
  2259 | D:4      | Bought a morningstar for 92 gold pieces
  2739 | D:4      | Reached skill level 5 in Shields
  2833 | D:4      | Reached skill level 1 in Stealth
  2833 | D:4      | Reached XP level 7. HP: 34/43 MP: 7/7
  2958 | D:4      | Gained mutation: Your flesh is heat resistant. (rF+) [evolution]
  2958 | D:4      | Lost mutation: You evolve. [end of evolution]
  3102 | D:4      | Reached skill level 5 in Maces & Flails
  3292 | D:5      | Entered Level 5 of the Dungeon
  3809 | D:5      | Reached XP level 8. HP: 43/48 MP: 8/8
  4317 | D:6      | Reached skill level 5 in Armour
  4403 | D:6      | Noticed Pikel
  4419 | D:6      | Killed Pikel
  4419 | D:6      | Reached skill level 5 in Fighting
  4542 | D:6      | Reached XP level 9. HP: 52/54 MP: 9/9
  5155 | D:7      | Noticed Menkaure
  5178 | D:7      | Killed Menkaure
  5881 | D:7      | Found a staircase to the Ecumenical Temple.
  5893 | Temple   | Entered the Ecumenical Temple
  5965 | Temple   | Became a worshipper of Warmaster Okawaru
  6264 | D:8      | Reached XP level 10. HP: 60/61 MP: 10/10
  6283 | D:8      | Found a shadowy altar of Dithmenos.
  6407 | D:8      | Noticed Maurice
  6416 | D:8      | Killed Maurice
  6416 | D:8      | Reached * piety under Okawaru
  6458 | D:8      | Found a staircase to the Lair.
  6642 | D:8      | Noticed a two-headed ogre
  6667 | D:8      | Killed a two-headed ogre
  6667 | D:8      | Reached ** piety under Okawaru
  6669 | D:8      | Reached skill level 10 in Maces & Flails
  7948 | Lair:1   | Entered Level 1 of the Lair of Beasts
  7961 | Lair:1   | Noticed an elephant
  8008 | Lair:1   | Killed an elephant
  8199 | Lair:1   | Reached *** piety under Okawaru
  8284 | Lair:1   | Noticed a spiny frog
  8292 | Lair:1   | Killed a spiny frog
  8292 | Lair:1   | Reached XP level 11. HP: 67/67 MP: 11/11
  8313 | Lair:1   | Reached skill level 10 in Shields
  8626 | Lair:1   | Reached **** piety under Okawaru
  8851 | Lair:1   | Found a shimmering altar of Xom.
  9060 | Lair:1   | Noticed a six-headed hydra
  9081 | Lair:1   | Killed a six-headed hydra
  9369 | Lair:1   | Noticed a five-headed hydra
  9394 | Lair:1   | Killed a five-headed hydra
  9782 | Lair:2   | Found a hole to the Spider Nest.
  9788 | Lair:2   | Noticed Harold
  9793 | Lair:2   | Noticed Nergalle
 10020 | Lair:2   | Impaled on a porcupine's spines

Skill      XL: |  1  2  3  4  5  6  7  8  9 10 11 |
---------------+----------------------------------+-----
Shields        | 4 5 6 8 9 11 | 11.1
Maces & Flails | 3 4 6 7 9 10 11 | 11.6
Dodging        | 1 2 3 |  3.0
Armour         | 4 5 6 7 |  7.5
Fighting       | 4 5 6 7 8 |  8.3
Stealth        | 1 |  1.9
Invocations    | |  0.4

Action                   |  1- 3 |  4- 6 |  7- 9 | 10-12 || total
-------------------------+-------+-------+-------+-------++-------
Melee: Flail             |   132 |   176 |   403 |   650 ||  1361
       Morningstar       |       |    51 |    45 |       ||    96
Invok: Heroism           |       |       |       |     2 ||     2
  Use: Scroll            |     4 |     5 |     4 |     7 ||    20
       Potion            |     4 |     3 |     4 |     2 ||    13
  Eat: Chunk             |     1 |     6 |    12 |    10 ||    29
       Royal jelly       |       |       |       |     1 ||     1
Armor: Scale mail        |    79 |   124 |    32 |       ||   235
       Chain mail        |       |       |   219 |    23 ||   242
       Crystal plate arm |       |       |       |   398 ||   398
       Plate armour      |       |       |       |    57 ||    57
Dodge: Dodged            |    41 |    80 |    99 |    89 ||   309
Block: Shield            |    79 |   136 |   237 |   421 ||   873
